 Dungeon Crawl Stone Soup version 0.30-a0-591-g3c58d2bc28 (webtiles) character file.

Game seed: 17335368808171679764

3782 kae the Transmogrifier (level 9, -16/70 HPs)
             Began as a Demonspawn Transmuter on Jan 5, 2023.
             Was an Initiate of Ru.
             Demolished by a komodo dragon (28 damage)
             ... on level 9 of the Dungeon.
             The game lasted 00:08:28 (8466 turns).

kae the Transmogrifier (Demonspawn Transmuter)      Turns: 8466, Time: 00:08:28

Health: -16/70     AC:  8    Str: 12    XL:     9   Next: 95%
Magic:  14/17      EV: 12    Int: 18    God:    Ru [......]
Gold:   636        SH:  4    Dex: 13    Spells: 3/19 levels left

rFire   x . .      SeeInvis .      - Unarmed
rCold   + + +      Faith    .    (shield currently unavailable)
rNeg    . . .      Spirit   .    (body armour currently unavailable)
rPois   +          Reflect  .    (helmet currently unavailable)
rElec   .          Harm     .    (cloak currently unavailable)
rCorr   .          Rampage  .    (gloves currently unavailable)
Will    .....                    (boots currently unavailable)
Stlth   +                        (no amulet)
HPRegen 0.31/turn                Z - ring of wizardry
MPRegen 0.15/turn                (no ring)

@: about to teleport, ice-form
A: freezing attack, amphibious, boosted hp, large, (horns 2), repulsion field 1,
(spiny 1), condensation shield
a: End Transformation, Renounce Religion


You were on level 9 of the Dungeon.
You worshipped Ru.
Ru was noncommittal.
You were a creature of crystalline ice.
You visited 2 branches of the dungeon, and saw 10 of its levels.

You collected 636 gold pieces.


Innate Abilities, Weirdness & Mutations

You are a creature of crystalline ice.
You have a powerful freezing melee attack.
You are amphibious.
Your maximum health is increased.
Your armour is entirely melded.
You are incapable of wielding weapons or throwing items.
((You have a pair of horns on your head.))
You are surrounded by a mild repulsion field. (EV +2)
((You are partially covered in sharp spines.))
A meltable shield of frost defends you. (SH +4)


   Skills:
 - Level 1.0 Fighting
 - Level 1.7 Dodging
 + Level 6.1 Unarmed Combat
 + Level 5.8 Spellcasting
 * Level 8.0 Transmutations
 - Level 5.4 Ice Magic
 * Level 3.9 Earth Magic
 - Level 1.0 Poison Magic


You had 3 spell levels left.
You knew the following spells:

 Your Spells              Type           Power      Damage    Failure   Level
a - Beastly Appendage     Tmut           68%        N/A       1%          1
b - Wereblood             Tmut           34%        N/A       1%          2
c - Spider Form           Tmut/Pois      21%        N/A       2%          3
d - Ice Form              Ice/Tmut       29%        N/A       3%          4
e - Statue Form           Tmut/Erth      17%        N/A       52%         6

Your spell library contained the following spells:

 Spells                   Type           Power      Damage    Failure   Level
 Petrify                  Tmut/Erth      26%        N/A       4%          4
 Metabolic Englaciation   Hex/Ice        7%         N/A       38%         5

Inventory:

Missiles
 c - 4 curare-tipped darts {=f}
 g - 92 stones
 v - 2 poisoned darts
Armour
 a - a +1 robe (melded)
Jewellery
 Z - a ring of wizardry (left front paw)
   (You found it on level 7 of the Dungeon)
Wands
 k - a wand of digging (3)
   (You found it on level 3 of the Dungeon)
 m - a wand of charming (14)
   (You found it on level 5 of the Dungeon)
 o - a wand of iceblast (9)
   (You found it on level 6 of the Dungeon)
 q - a wand of polymorph (5)
   (You found it on level 7 of the Dungeon)
Scrolls
 i - a scroll of fog
 j - a scroll of brand weapon
 t - a scroll of immolation {!r!r}
 u - a scroll of blinking {unknown}
Potions
 b - a potion of lignification {!q}
 d - 2 potions of magic
 e - 10 potions of curing {@q1}
 f - 5 potions of heal wounds {@q2}
 h - 3 potions of berserk rage {!q}
 l - a potion of degeneration {unknown}
 n - a potion of mutation {unknown}
 p - a potion of might {unknown}
 s - a potion of attraction {!q}

Dungeon Overview and Level Annotations

Branches:
Dungeon (9/15) Zot: 26540  Temple (1/1) D:5 Zot: 5954    Lair (0/5) D:9
    Orc: D:9-12

Altars:
Ashenzari
Cheibriados
Dithmenos
Fedhas
Gozag
Hepliaklqana
Kikubaaqudgha
Makhleb
Nemelex Xobeh
Okawaru
Qazlal
Ru
Trog
Uskayaw
Vehumet
Xom
Yredelemnul

Shops:
D:6 * D:9

*
.........P..P.P..P.........P
..................P......P..
†.......#.P.....P....PP.....
........#.....P..P..P.......
........#......P...P.P..P.##
........#...#...............
........#...#....K.P........
..#####.'...#...Kl..........
..# #.#+###...Y...........
..# #.....................
..# #.....................
..# #.............######..
### #.......<.....# .
#.............#
###############


You could see a komodo dragon, a kobold brigand and a kobold.


Message History

You closely miss the water moccasin. The water moccasin bites you.
You hit the water moccasin.
The water moccasin seems to slow down.
You freeze the water moccasin. 😕 HP[-2] MP[+1]
You take 2 damage, and now have 68/70 hp.
A water moccasin is nearby!
You closely miss the water moccasin. The water moccasin misses you.
You barely miss the water moccasin. The water moccasin bites you.
You are poisoned.
The water moccasin poisons you! 😕 HP[-1]
You take 1 damage, and now have 67/70 hp.
You barely miss the water moccasin.
You feel very sick.
The water moccasin is no longer moving slowly.
The water moccasin bites you but does no damage.
You barely miss the water moccasin.
You feel sick.
You block the water moccasin's attack. 😕 HP[-4]
You take 4 damage, and now have 63/70 hp.
You punch the water moccasin! You freeze the water moccasin!
You kill the water moccasin!
You feel sick.
No target in view! 😕 HP[-2]
You take 2 damage, and now have 61/70 hp.
No target in view!
No target in view!
No target in view!
No target in view!
A kobold comes into view. It is wielding a +0 whip.
You feel sick.
The kobold moves out of view.
Unknown command.
You start resting.
You feel sick. x3 😕 HP[-3] MP[+1]
You take 3 damage, and now have 58/70 hp.
You start resting.
You feel sick. x2
You are no longer poisoned. 😕 HP[-2]
You take 2 damage, and now have 56/70 hp.
Unknown command.
You start resting. 😕 HP[+3] MP[+1]
You regained 3 hp, and now have 59/70 hp.
You start resting. 😕 MP[+1]
Your mp is fully restored (17).
You start resting.
Your transformation is almost over.
A kobold brigand is nearby! 😕 HP[+9]
You regained 9 hp, and now have 68/70 hp.
A kobold brigand is nearby!
Unknown command.
A kobold brigand is nearby!
Casting: Ice Form (dangerous; 3% risk of failure)
Confirm with . or Enter, or press ? or * to list all spells.
You extend your transformation's duration.
The kobold brigand shouts!
A komodo dragon comes into view. 😕 HP[+1] MP[-4]
You lost 4 mp, and now have 13/17 mp.
The komodo dragon hisses angrily.
You barely miss the kobold brigand.
The kobold shouts!
The kobold brigand hits you with a +1 dagger of speed! 😕 HP[-7]
You take 7 damage, and now have 62/70 hp.
You barely miss the kobold brigand. The kobold brigand barely misses you.
You punch the kobold brigand! You freeze the kobold brigand.
You block the kobold brigand's attack. 😕 HP[+1] MP[+1]
There are monsters nearby!
You hit the kobold brigand. You freeze the kobold brigand.
The komodo dragon bites you!! The kobold brigand closely misses you.
You are too injured to fight recklessly! 😮 HP[-26]
You take 26 damage, and now have 37/70 hp.
MASSIVE DAMAGE!! (PAUSE)
You barely miss the kobold brigand.
The kobold brigand hits you but does no damage.
The komodo dragon barely misses you.
The kobold brigand misses you. 😮 HP[+1] Unknown command.
The kobold attacks as you move away! The kobold hits you but does no damage.
The kobold brigand attacks as you move away!
You block the kobold brigand's attack.
The komodo dragon attacks as you move away!
The komodo dragon bites you!!
* * * LOW HITPOINT WARNING * * *
The komodo dragon hisses menacingly.
The kobold brigand throws a poisoned dart.
You block the poisoned dart. 😱 HP[-26]
You take 26 damage, and now have 12/70 hp.
MASSIVE DAMAGE!! (PAUSE)
As you read the scroll of teleportation {@r4}, it crumbles to dust.
You feel strangely unstable. The komodo dragon bites you!!
You die...

Skill      XL: |  1  2  3  4  5  6  7  8  9 |
---------------+----------------------------+-----
Transmutations | 2 3 4 5 6 8 |  8.0
Unarmed Combat | 3 4 5 6 |  6.1
Spellcasting   | 3 4 5 |  5.8
Poison Magic   | 1 |  1.0
Ice Magic      | 1 2 3 5 |  5.4
Earth Magic    | 3 |  3.9
Fighting       | |  1.0
Dodging        | |  1.7

Action                   |  1- 3 |  4- 6 |  7- 9 || total
-------------------------+-------+-------+-------++-------
Melee: Unarmed           |    74 |    72 |   337 ||   483
       Kick              |    11 |     3 |       ||    14
       Headbutt          |     7 |     1 |     9 ||    17
       Punch             |     1 |     1 |     2 ||     4
 Cast: Beastly Appendage |    17 |     5 |       ||    22
       Spider Form       |     1 |     6 |    27 ||    34
       Ice Form          |       |     1 |    21 ||    22
       Statue Form       |       |       |     1 ||     1
       Wereblood         |       |       |     1 ||     1
  Use: Scroll            |     3 |     6 |     7 ||    16
       Potion            |       |       |     1 ||     1
Armor: Robe              |    16 |     3 |     8 ||    27
       Skin              |       |     3 |    40 ||    43
Dodge: Dodged            |    46 |    44 |   227 ||   317
Block: Other             |    11 |    11 |    53 ||    75

Levels and vault maps discovered:
D:1:      nagdon_arrival_zigzag_paths, layout_loops_ring
D:2:      layout_loops_corners, uniq_sigmund
D:3:      layout_basic, shapermc_ecumenical_altar_venn, uniq_jessica
D:4:      layout_loops_corners, lemuel_tele_altar,
          nicolae_hepliaklqana_monster_ancestors
D:5:      layout_rooms, mainiacjoe_overflow_catwalk_spiral, temple_pool_b,
          uniq_prince_ribbit1
D:6:      layout_gridville, serial_shops, shop,
          amcnicky_mini_rare_corridor_liquid, serial_bayou_pond_d,
          minmay_door_square
D:7:      black_bear_nest_2, layout_basic, elyvilon_altar_1,
          uniq_crazy_yiuf_cottage
D:8:      layout_cave_pools, mainiacjoe_overflow_cross_hatched,
          nicolae_overflow_squiral, uniq_joseph
D:9:      layout_irregular_city, zin_purify, due_lair_maze_entry_diamond,
          kennysheep_small_square
Temple:   hellmonk_temple_of_storms

Notes
Turn   | Place    | Note
-------+----------+-------------------------------------------
     0 | D:1      | kae the Demonspawn Transmuter began the quest for the Orb.
     0 | D:1      | Reached XP level 1. HP: 15/15 MP: 3/3
     0 | D:1      | magus.rc [v1.11.3]
    76 | D:1      | Reached skill level 2 in Transmutations
   123 | D:1      | Gained mutation: A meltable shield of frost defends you.
                  | (SH +4) [demonic ancestry]
   123 | D:1      | Reached XP level 2. HP: 21/21 MP: 3/5
  1084 | D:2      | Learned a level 2 spell: Wereblood
  1136 | D:2      | Reached skill level 3 in Unarmed Combat
  1318 | D:2      | Reached XP level 3. HP: 25/26 MP: 4/6
  1322 | D:2      | Learned a level 3 spell: Spider Form
  1634 | D:2      | Noticed Sigmund
  1720 | D:2      | Killed Sigmund
  1721 | D:2      | Reached skill level 3 in Spellcasting
  1721 | D:2      | Reached skill level 3 in Transmutations
  1721 | D:2      | Reached skill level 1 in Poison Magic
  1721 | D:2      | Reached XP level 4. HP: 25/32 MP: 4/8
  1721 | D:2      | Gained mutation: You have a pair of small horns on your
                  | head. [demonic ancestry]
  1721 | D:2      | Reached XP level 5. HP: 30/37 MP: 4/9
  2015 | D:3      | Learned a level 4 spell: Ice Form
  2084 | D:3      | Found a faded altar of an unknown god.
  2108 | D:3      | You fall into a shaft and drop 3 floors!
  2272 | D:6      | Reached skill level 4 in Transmutations
  2272 | D:6      | Reached skill level 1 in Ice Magic
  2272 | D:6      | Reached XP level 6. HP: 43/43 MP: 6/10
  2436 | D:6      | You pick up a book of Sloth and begin reading...
  2436 | D:6      | You add the spells Petrify, Metabolic Englaciation and
                  | Statue Form to your library.
  2467 | D:5      | Entered Level 5 of the Dungeon
  2537 | D:5      | Found a staircase to the Ecumenical Temple.
  2559 | Temple   | Entered the Ecumenical Temple
  2648 | D:5      | Reached skill level 4 in Unarmed Combat
  2657 | D:5      | Reached skill level 2 in Ice Magic
  2667 | D:5      | Noticed Prince Ribbit
  2676 | D:5      | Killed Prince Ribbit
  2677 | D:5      | Gained mutation: You are surrounded by a mild repulsion
                  | field. (EV +2) [demonic ancestry]
  2677 | D:5      | Reached XP level 7. HP: 30/48 MP: 7/12
  3022 | D:4      | Found a sparkling altar of Nemelex Xobeh.
  3396 | D:3      | Noticed Jessica
  3403 | D:3      | Killed Jessica
  3404 | D:3      | Reached skill level 5 in Transmutations
  4076 | D:4      | Found a hazy altar of Hepliaklqana.
  4087 | D:4      | Reached skill level 3 in Ice Magic
  4437 | D:5      | Found an ancient bone altar of Kikubaaqudgha.
  4683 | D:5      | Found a stormy altar of Qazlal.
  4759 | D:4      | Reached skill level 4 in Spellcasting
  4910 | D:5      | Gained mutation: You have a pair of horns on your head.
                  | [demonic ancestry]
  4910 | D:5      | Reached XP level 8. HP: 19/54 MP: 11/14
  4912 | D:5      | HP: 13/54 [poisoned by a scorpion]
  4917 | D:5      | HP: 8/54 [poisoned by a scorpion]
  5339 | D:6      | Noticed a two-headed ogre
  5424 | D:6      | Reached skill level 4 in Ice Magic
  5597 | D:6      | Found Tonar's General Store.
  5603 | D:6      | Reached skill level 6 in Transmutations
  6076 | D:7      | Reached skill level 5 in Unarmed Combat
  6758 | D:7      | Found a runed translucent door.
  6759 | D:7      | Noticed Crazy Yiuf
  6767 | D:7      | Killed Crazy Yiuf
  6768 | D:7      | Reached skill level 5 in Ice Magic
  6888 | D:7      | HP: 11/58 [wight/+0 falchion (11)]
  7057 | D:8      | Gained mutation: You are partially covered in sharp spines.
                  | [demonic ancestry]
  7057 | D:8      | Reached XP level 9. HP: 52/57 MP: 13/16
  7070 | D:8      | Reached skill level 5 in Spellcasting
  7088 | D:8      | Learned a level 6 spell: Statue Form
  7173 | D:8      | Found an opulent altar of Gozag.
  7181 | D:8      | Found a burning altar of Makhleb.
  7217 | D:8      | Reached skill level 7 in Transmutations
  7217 | D:8      | Reached skill level 1 in Earth Magic
  7453 | D:8      | Reached skill level 2 in Earth Magic
  7587 | D:8      | Found a sacrificial altar of Ru.
  7721 | D:8      | Became a worshipper of Ru the Awakened
  7740 | D:8      | Noticed Joseph
  7762 | D:8      | Killed Joseph
  8019 | D:9      | Found Zin's Purification Station.
  8048 | D:9      | Reached skill level 3 in Earth Magic
  8164 | D:9      | Reached skill level 6 in Unarmed Combat
  8307 | D:9      | Reached skill level 8 in Transmutations
  8388 | D:9      | Found a staircase to the Lair.
  8456 | D:9      | Noticed a komodo dragon
  8465 | D:9      | HP: 12/70 [komodo dragon (26)]
  8466 | D:9      | Demolished by a komodo dragon

Vanquished Creatures
  Joseph (D:8)
  Prince Ribbit (D:5)
  Sigmund (D:2)
  A basilisk (D:9)
  A water moccasin (D:9)
  An orc warrior (D:9)
  4 black bears
  A sky beast (D:8)
  A kobold brigand (D:6)
  8 bullfrogs
  4 scorpions
  12 wights
  7 howler monkeys
  An orc priest (D:7)
  Crazy Yiuf (D:7)
  4 hounds
  Jessica (D:3)
  4 iguanas
  4 orc wizards
  7 adders
  3 ufetubi
  3 worms
  4 dart slugs
  22 orcs
  4 endoplasms (D:1)
  2 giant cockroaches
  6 goblins
  5 hobgoblins
  8 kobolds
  2 quokkas
  6 ball pythons
  5 bats
  4 frilled lizards
  5 rats
  A spectral orc (D:4)
145 creatures vanquished.

Vanquished Creatures (others)
  43 fungi
  32 plants
75 creatures vanquished.

Grand Total: 220 creatures vanquished

Table legend:
 A = Non-vault XP
 B = Vault XP
 C = Vault XP percentage of total XP
 D = Non-vault monster count
 E = Vault monster count
 F = Vault count percentage of total count
                 A         B        C        D         E       F
            +---------+---------+-------+---------+---------+-------
      Total |    3776 |    1627 |  30.1 |     133 |      12 |   8.3
            +---------+---------+-------+---------+---------+-------
        D:1 |      29 |       0 |   0.0 |      18 |       0 |   0.0
        D:2 |      32 |     231 |  87.8 |      11 |       1 |   8.3
        D:3 |      32 |      37 |  53.6 |       9 |       1 |  10.0
        D:4 |     237 |       4 |   1.7 |      21 |       2 |   8.7
        D:5 |     486 |     268 |  35.5 |      18 |       1 |   5.3
        D:6 |     633 |       0 |   0.0 |      15 |       0 |   0.0
        D:7 |     462 |     171 |  27.0 |      13 |       2 |  13.3
        D:8 |    1174 |     471 |  28.6 |      16 |       1 |   5.9
        D:9 |     691 |     445 |  39.2 |      12 |       4 |  25.0
            +---------+---------+-------+---------+---------+-------

Illustrated notes

Table legend:
 A = Kills in this place as a percentage of kills in entire the game.
 B = Kills by you in this place as a percentage of kills by you in the entire game.
 C = Kills by friends in this place as a percentage of kills by friends in the entire game.
 D = Other kills in this place as a percentage of other kills in the entire game.
 E = Experience gained in this place as a percentage of experience gained in the entire game.
 F = Experience gained in this place divided by the number of levels of this place that you have seen.
                   A       B       C       D       E      F
               +-------+-------+-------+-------+-------+----------------------
         Total | 100.0 | 100.0 |   N/A |   N/A | 100.0 | 540.3
       Dungeon | 100.0 | 100.0 |   N/A |   N/A | 100.0 | 600.3
               +-------+-------+-------+-------+-------+----------------------

Table legend: (Time is in decaauts)
 A = Elapsed time spent in this place.
 B = Non-inter-level travel time spent in this place.
 C = Inter-level travel time spent in this place.
 D = Time resting spent in this place.
 E = Time spent auto-exploring this place.
 F = Levels seen in this place.
 G = Mean time per level.
                   A        B        C        D        E       F      G
               +--------+--------+--------+--------+--------+-----+--------+
         Total |   8446 |   8115 |    331 |    659 |   6018 |  10 |  844.6 |
       Dungeon |   8400 |   8077 |    323 |    659 |   6018 |   9 |  933.3 |
        Temple |     45 |     37 |      8 |      0 |      0 |   1 |   45.0 |
               +--------+--------+--------+--------+--------+-----+--------+

Top non-repeatable levels by time:
     D:4: 1360 daAuts
     D:7: 1055 daAuts
     D:1: 989 daAuts
     D:6: 987 daAuts
     D:2: 986 daAuts
     D:8: 973 daAuts
     D:5: 823 daAuts
     D:3: 765 daAuts
     D:9: 458 daAuts
  Temple: 45 daAuts
